Map: Dragon Scales LE

Players

Nomadics - Winner!

  • Race: Protoss Protoss
  • League: Diamond
  • Spawn Location: 11:00

Obvi

  • Race: Zerg Zerg
  • League: Diamond
  • Spawn Location: 5:00

VOD

Have the link to the VOD?

Description

Time

  • Played on: March 15, 2023, 3:52 p.m.
  • Length: 17:47
Show
View Real Time Build Order
Export as new Build Order

Nomadics Protoss - Winner!

Build Orders: 1 Gate Expand 

Get SALT Encoding   

  12  0:00  Probe  
  13  0:12  Probe  
  14  0:21  Pylon  
  14  0:24  Probe  
  15  0:39  Gateway, Probe (Chrono Boost)  
  16  0:48  Assimilator, Probe (Chrono Boost)  
  17  0:53  Probe  
  18  1:05  Probe  
  19  1:17  Probe  
  20  1:25  Nexus  
  21  1:36  Cybernetics Core  
  21  1:37  Probe  
  21  1:48  Assimilator  
  21  1:49  Pylon  
  21  1:53  Probe  
  22  2:05  Probe  
  23  2:10  Adept (Chrono Boost)  
  23  2:14  Warp Gate  
  25  2:17  Probe  
  27  2:30  Probe, Twilight Council  
  27  2:34  Adept (Chrono Boost)  
  29  2:38  Probe  
  29  2:42  Probe  
  31  2:44  Shield Battery  
  31  2:50  Probe  
  32  2:54  Probe  
  33  3:01  Stalker (Chrono Boost)  
  33  3:02  Probe  
  36  3:09  Probe  
  35  3:15  Probe  
  35  3:18  Robotics Facility  
  35  3:19  Gateway  
  36  3:22  Probe  
  36  3:26  Resonating Glaives (Chrono Boost)  
  37  3:36  Gateway  
  37  3:40  Pylon  
  37  3:43  Probe  
  37  3:44  Pylon  
  38  3:50  Probe  
  38  3:54  Pylon  
  38  3:55  Probe  
  40  4:03  Probe  
  40  4:04  Adept  
  40  4:07  Probe  
  44  4:10  Pylon  
  44  4:11  Observer (Chrono Boost)  
  44  4:15  Probe, Adept  
  48  4:19  Probe  
  48  4:21  Gateway  
  49  4:26  Gateway  
  49  4:27  Probe  
  50  4:32  Warp Prism  
  50  4:36  Probe  
  53  4:45  Adept  
  55  4:48  Probe  
  55  4:51  Pylon  
  55  4:52  Assimilator  
  56  4:56  Zealot  
  56  4:57  Zealot  
  60  5:35  Probe  
  60  5:41  Probe  
  62  5:43  Shield Battery  
  62  5:46  Robotics Bay  
  62  5:49  Adept x4  
  70  5:50  Adept  
  70  6:22  Probe  
  70  6:23  Immortal (Chrono Boost), Adept  
  70  6:24  Adept x4  
  70  6:25  Probe  
  74  6:35  Probe  
  67  6:56  Probe, Blink (Chrono Boost)  
  67  6:57  Immortal (Chrono Boost)  
  67  6:58  Probe  
  67  7:04  Stalker x5  
  67  7:07  Assimilator  
  67  7:08  Probe  
  78  7:09  Forge  
  78  7:10  Probe  
  78  7:12  Robotics Facility  
  79  7:29  Nexus  
  79  7:30  Pylon  
  79  7:33  Stalker x3, Pylon  
  79  7:35  Protoss Ground Weapons Level 1 (Chrono Boost)  
  85  7:38  Pylon  
  85  7:47  Gravitic Drive  
  85  7:49  Immortal  
  89  7:56  Shield Battery  
  89  8:13  Adept  
  89  8:14  Adept x2  
  89  8:15  Adept  
  97  8:21  Probe  
  97  8:22  Stalker  
  97  8:23  Probe  
  101  8:32  Immortal (Chrono Boost)  
  101  8:33  Immortal (Chrono Boost)  
  107  8:59  Probe  
  106  9:06  Zealot x5  
  106  9:07  Probe  
  106  9:08  Colossus (Chrono Boost)  
  106  9:09  Probe  
  124  9:12  Probe  
  125  9:17  Assimilator  
  125  9:18  Assimilator  
  125  9:23  Pylon  
  125  9:25  Pylon  
  125  9:27  Pylon, Photon Cannon  
  125  9:30  Photon Cannon  
  125  9:33  Gateway  
  125  9:35  Gateway  
  125  9:36  Photon Cannon  
  125  9:41  Probe x2, Colossus (Chrono Boost)  
  125  9:43  Probe  
  134  9:47  Nexus  
  134  9:56  Adept x2  
  134  9:57  Adept x2  
  138  10:28  Colossus (Chrono Boost)  
  138  10:31  Observer, Colossus (Chrono Boost)  
  142  10:37  Stalker x2  
  142  10:38  Stalker  
  142  10:40  Probe  
  142  10:41  Pylon  
  149  10:42  Pylon  
  149  10:47  Pylon  
  149  10:49  Pylon  
  147  10:52  Photon Cannon  
  147  10:53  Photon Cannon  
  147  10:54  Shield Battery  
  147  10:56  Shield Battery  
  147  11:06  Stalker x7  
  159  11:25  Probe  
  160  11:38  Disruptor x2  
  167  11:40  Probe  
  167  11:42  Probe  
  168  11:49  Assimilator  
  168  11:52  Assimilator, Templar Archives  
  168  11:53  Protoss Ground Weapons Level 2 (Chrono Boost), Photon Cannon  
  168  11:57  Photon Cannon  
  168  11:59  Dark Shrine  
  168  12:05  Forge  
  168  12:09  Photon Cannon  
  168  12:13  Gateway  
  168  12:16  Gateway  
  168  12:19  Gateway  
  168  12:22  Gateway  
  168  12:28  Gateway  
  168  12:30  Gateway  
  138  13:02  Stalker x3  
  138  13:03  Disruptor x2 (Chrono Boost), Stalker x4  
  138  13:04  Probe  
  149  13:07  Probe  
  149  13:10  Robotics Facility x2, Protoss Ground Armor Level 1 (Chrono Boost)  
  156  13:14  Charge (Chrono Boost)  
  156  13:15  Extended Thermal Lance  
  156  13:19  Zealot  
  158  13:20  Probe  
  159  13:36  Dark Templar x2  
  163  13:42  Nexus  
  163  13:44  Pylon  
  163  13:45  High Templar x4  
  163  13:46  High Templar x4  
  179  13:49  Archon  
  179  13:50  Archon x3  
  179  14:12  Probe  
  179  14:16  Disruptor x2  
  186  14:18  Pylon  
  186  14:21  Pylon  
  186  14:23  Pylon  
  184  14:25  Pylon  
  184  14:27  Photon Cannon  
  184  14:29  Photon Cannon  
  182  14:45  Observer x2  
  157  15:35  Probe  
  146  15:45  Disruptor, Colossus  
  146  15:46  Disruptor x2  
  146  15:48  Stalker x5  
  146  15:49  Stalker x8  
  184  15:50  Probe  
  184  15:56  Photon Cannon  
  185  15:58  Photon Cannon  
  185  16:00  Photon Cannon  
  185  16:03  Photon Cannon  
  185  16:05  Photon Cannon  
  185  16:06  Pylon  
  185  16:10  Shield Battery  
  183  16:13  Shield Battery  
  168  16:31  Probe x2  
  148  16:37  Gravitic Boosters  
  148  16:38  Zealot x9  
  148  16:39  Zealot x4  
  123  17:19  Stalker x5  
  123  17:20  Stalker x3  
  123  17:21  High Templar  
  150  17:46  Stalker x6  
  150  17:47  Zealot x2  
Show
View Real Time Build Order
Export as new Build Order

Obvi Zerg 

Build Orders: Hatch First, Lurkers 

Get SALT Encoding   

  12  0:00  Drone  
  13  0:12  Overlord  
  13  0:16  Drone  
  14  0:30  Drone x2  
  16  0:50  Hatchery  
  16  0:51  Drone  
  16  0:56  Drone  
  17  0:59  Drone  
  18  1:07  Drone  
  18  1:09  Extractor  
  18  1:21  Drone, Spawning Pool  
  18  1:28  Drone  
  19  1:38  Overlord  
  19  1:53  Drone  
  20  2:06  Drone x2  
  22  2:11  Queen x2  
  22  2:12  Drone  
  27  2:25  Metabolic Boost  
  27  2:26  Zergling x2  
  27  2:27  Drone x2  
  30  2:39  Drone  
  31  2:45  Hatchery, Drone x3  
  31  2:50  Queen  
  35  2:55  Overlord  
  35  2:58  Drone  
  36  3:11  Drone  
  36  3:17  Roach Warren  
  36  3:18  Drone x2  
  37  3:20  Evolution Chamber  
  37  3:21  Drone  
  37  3:24  Drone x4  
  41  3:38  Drone  
  42  3:44  Overlord  
  42  3:45  Zergling x2  
  42  3:46  Zergling x2  
  44  3:51  Zerg Missile Weapons Level 1  
  44  3:57  Drone  
  44  3:58  Drone x5  
  44  4:02  Queen x2  
  52  4:08  Drone x3  
  57  4:12  Drone  
  57  4:34  Extractor, Overlord x4  
  57  4:35  Extractor  
  55  4:40  Hatchery, Drone x2  
  55  4:41  Drone  
  55  4:42  Lair  
  57  4:49  Spore Crawler  
  57  4:50  Spore Crawler  
  57  4:51  Drone  
  57  4:52  Drone x2  
  58  4:53  Drone x2  
  58  4:54  Drone  
  58  4:55  Drone  
  58  4:57  Drone x3  
  58  4:58  Drone  
  66  5:01  Drone  
  66  5:03  Drone x2  
  69  5:16  Drone x3  
  69  5:18  Drone  
  69  5:19  Extractor  
  69  5:20  Extractor  
  71  5:25  Extractor  
  70  5:42  Roach x8  
  86  5:49  Spore Crawler  
  85  5:51  Zergling x10  
  85  5:52  Zergling x4  
  85  5:53  Roach  
  71  6:24  Drone x13  
  71  6:25  Drone x2  
  73  6:51  Zergling x4  
  73  6:52  Zergling x14  
  77  7:01  Drone x3  
  76  7:04  Drone  
  79  7:09  Drone x3  
  82  7:28  Drone  
  84  7:30  Drone x2  
  84  7:32  Drone  
  84  7:33  Drone x2  
  84  7:34  Drone  
  84  7:36  Zerg Missile Weapons Level 2  
  89  7:39  Hydralisk Den  
  88  7:56  Glial Reconstitution  
  88  8:00  Roach x4  
  88  8:05  Overlord x8  
  96  8:08  Overlord  
  96  8:09  Overlord x3  
  96  8:12  Overlord x3  
  96  8:21  Hatchery, Lurker Den  
  94  8:29  Drone  
  94  8:30  Drone x2  
  91  8:58  Drone x5  
  91  9:02  Hydralisk x8  
  95  9:05  Grooved Spines  
  95  9:07  Drone  
  95  9:08  Drone x10  
  122  9:10  Drone  
  122  9:12  Drone  
  122  9:13  Hydralisk  
  126  9:22  Queen  
  126  9:23  Drone  
  129  9:24  Drone x4  
  129  9:25  Drone  
  129  9:27  Drone x3  
  137  9:33  Infestation Pit  
  137  9:36  Spire  
  135  9:46  Hydralisk x9, Extractor x2  
  135  9:48  Hydralisk  
  135  9:50  Spore Crawler  
  152  9:54  Drone x5  
  152  9:56  Overlord  
  152  9:59  Overlord  
  157  10:12  Hydralisk  
  157  10:13  Hydralisk x2  
  162  10:17  Muscular Augments  
  149  10:30  Drone x10  
  149  10:31  Drone x10  
  149  10:34  Drone x3  
  172  10:42  Drone x6  
  178  10:48  Spine Crawler  
  177  10:50  Spine Crawler  
  177  10:51  Spine Crawler  
  177  10:54  Spore Crawler  
  174  11:02  Lurker  
  174  11:03  Lurker x6  
  181  11:09  Spine Crawler  
  180  11:22  Hatchery  
  177  11:47  Hydralisk x8  
  177  11:51  Hive  
  193  11:55  Zerg Ground Armor Level 1  
  193  11:56  Hydralisk  
  193  11:57  Hydralisk x2  
  199  12:02  Extractor  
  199  12:04  Extractor  
  197  12:10  Spore Crawler  
  197  12:12  Spine Crawler  
  197  12:13  Spine Crawler  
  195  12:21  Lurker x4  
  199  12:23  Spine Crawler  
  199  12:25  Hatchery, Spore Crawler  
  199  12:29  Drone  
  197  12:33  Spine Crawler  
  190  12:46  Corruptor x7  
  187  12:54  Hydralisk, Zergling x30  
  187  12:55  Hydralisk x5  
  174  13:03  Hydralisk  
  174  13:04  Hydralisk x3  
  176  13:11  Lurker  
  176  13:12  Lurker  
  178  13:30  Lurker x3  
  178  13:31  Lurker  
  178  13:33  Zergling x36  
  200  13:43  Spine Crawler  
  199  13:52  Spine Crawler  
  198  14:00  Hydralisk x10  
  196  14:03  Extractor  
  196  14:07  Overseer  
  196  14:08  Extractor  
  190  14:19  Lurker  
  190  14:20  Lurker x9  
  167  14:39  Zergling x8  
  167  14:44  Drone x3  
  167  14:45  Hydralisk  
  174  14:46  Lurker x6  
  174  14:47  Lurker x2  
  174  14:50  Spine Crawler  
  174  14:52  Spore Crawler  
  171  15:05  Hydralisk  
  156  15:14  Hydralisk x6  
  156  15:15  Hydralisk x6  
  156  15:18  Hydralisk x2  
  156  15:19  Hydralisk, Zergling x2  
  156  15:20  Zergling x14  
  136  15:33  Hydralisk  
  136  15:34  Hydralisk x5  
  136  15:35  Zergling x4  
  134  15:50  Lurker x3  
  134  15:55  Lurker x5  
  134  16:21  Hydralisk  
  118  16:28  Zergling x2  
  118  16:29  Zergling x34  
  130  16:34  Zergling x2  
  107  16:48  Zergling x10  
  107  16:51  Zergling x2  
  107  16:52  Zergling x6  
  106  17:11  Hydralisk x8  
  96  17:26  Spire  
Tags
 
Add a new tag
Caveats
  • Supply blocks, unpowered buildings, or Contaminate may cause inaccurate times.
  • Supply counts are checked every 10 seconds.